 Dungeon Crawl Stone Soup version 0.21.1-1-g345015f (webtiles) character file.

44 Mirai the Magician (level 3, 0/19 HPs)
             Began as a Deep Elf Conjurer on Apr 5, 2018.
             Succumbed to an adder's poison
             ... on level 2 of the Dungeon.
             The game lasted 00:02:23 (820 turns).

Mirai the Magician (Deep Elf Conjurer)               Turns: 820, Time: 00:02:23

Health: 0/19       AC:  2    Str:  5    XL:     3   Next: 41%
Magic:  0/11       EV: 13    Int: 20    God:
Gold:   72         SH:  0    Dex: 15    Spells: 9/12 levels left

rFire    . . .     SeeInvis .   h - -3 dagger (curse)
rCold    . . .     Gourm    .   (no shield)
rNeg     . . .     Faith    .   a - +0 robe
rPois    .         Spirit   .   (helmet restricted)
rElec    .         Reflect  .   (no cloak)
rCorr    .         Harm     .   (no gloves)
MR       .....                  (no boots)
Stlth    +++.......             (no amulet)
HPRegen  0.06/turn              (no ring)
MPRegen  0.12/turn              (no ring)

@: lethally poisoned (0 -> -11), very slightly contaminated
A: hooves 1, horns 1, camouflage 1
a: no special abilities


You were on level 2 of the Dungeon.
You were not hungry.

You visited 1 branch of the dungeon, and saw 2 of its levels.

You collected 72 gold pieces.

Inventory:

Hand Weapons
 h - a cursed -3 dagger (weapon)
 k - a +0 hand axe
Armour
 a - a +0 robe (worn)
Scrolls
 e - a scroll of fear {unknown}
 g - a scroll of amnesia {unknown}
 j - 2 scrolls of identify {unknown}
Books
 b - a book of Conjurations

   Spells                             Type                      Level
   a - Magic Dart                     Conjuration                  1
   b - Searing Ray                    Conjuration                  2
   c - Dazzling Spray                 Conjuration/Hexes            3
   d - Fulminant Prism                Conjuration/Hexes            4
   e - Force Lance                    Conjuration/Translocation    4
   f - Iskenderun's Mystic Blast      Conjuration                  4
Comestibles
 c - 2 rations


   Skills:
 - Level 2.4 Dodging
 - Level 2.4 Stealth
 + Level 5.3 Spellcasting
 - Level 4.3 Conjurations


You had 9 spell levels left.
You knew the following spells:

 Your Spells              Type           Power        Failure   Level  Hunger
a - Magic Dart            Conj           ###.         1%          1    None
b - Searing Ray           Conj           ###...       2%          2    None


Dungeon Overview and Level Annotations

Branches:
Dungeon (2/15)

Altars:


Innate Abilities, Weirdness & Mutations

You have large cloven feet.
You have a pair of small horns on your head.
Your skin changes colour to match your surroundings (Stealth+).


Message History

Aiming: Searing Ray
Press: ? - help, Shift-Dir - straight line, f - adder
Aim: an adder The searing ray hits the adder.
The adder is moderately wounded. (Press . to maintain the ray.)
You feel sick. The adder misses you.
* * * LOW HITPOINT WARNING * * *
You feel sick.
* * * LOW HITPOINT WARNING * * *
You feel sick. The adder barely misses you.
It was a potion of mutation.
You feel extremely strange.
Your skin functions as natural camouflage.
Your feet thicken and deform.
A pair of horns grows on your head! The adder bites you.
* * * LOW HITPOINT WARNING * * *
Unknown command.
You closely miss the adder. Your kick misses the adder.
The adder is moderately wounded.
You die...

##... #.... #...# #...#
#...# #...# #...# #
#...###############.####
##..............@........
..............###S##.###
####.########.# #%#
####.##### #.# #$#
.........####.# #....?..#
####........... .........
#.###..........###...#
#.# ####.##..# ### #.#
#..#


You could see an adder.

Vanquished Creatures
  2 adders (D:2)
  A giant cockroach (D:1)
  2 goblins (D:1)
  A hobgoblin (D:1)
  3 jackals (D:1)
  3 kobolds (D:1)
  12 bats
  A frilled lizard (D:2)
  3 rats (D:1)
28 creatures vanquished.

Notes
Turn   | Place    | Note
-------+----------+-------------------------------------------
     0 | D:1      | Mirai the Deep Elf Conjurer began the quest for the Orb.
     0 | D:1      | Reached XP level 1. HP: 10/10 MP: 6/6
   160 | D:1      | Reached skill level 4 in Spellcasting
   160 | D:1      | Reached XP level 2. HP: 15/15 MP: 3/9
   164 | D:1      | Learned a level 2 spell: Searing Ray
   777 | D:2      | Reached skill level 5 in Spellcasting
   777 | D:2      | Reached XP level 3. HP: 12/19 MP: 5/11
   819 | D:2      | Gained mutation: Your skin changes colour to match your surroundings (Stealth+). [potion of mutation]
   819 | D:2      | Gained mutation: You have large cloven feet. [potion of mutation]
   819 | D:2      | Gained mutation: You have a pair of small horns on your head. [potion of mutation]
   820 | D:2      | Succumbed to an adder's poison

Skill      XL: |  1  2 |
---------------+-------+-----
Spellcasting   | 4 5 |  5.3
Dodging        | |  2.4
Stealth        | |  2.4
Conjurations   | |  4.3

Action                   || total
-------------------------++-------
Melee: Unarmed           ||     8
       Dagger            ||     5
       Short sword       ||     3
 Cast: Magic Dart        ||    49
       Searing Ray       ||     2
  Use: Potion            ||     1
Armor: Robe              ||    13
Dodge: Dodged            ||    33
